 Dungeon Crawl Stone Soup version 0.21.0-3-g78d12a8 (webtiles) character file.

1196 wazuzu the Changer (level 8, -3/59 HPs)
             Began as a Pale Draconian Transmuter on Jan 8, 2018.
             Was a Believer of Okawaru.
             Slain by a worker ant (8 damage)
             ... on level 6 of the Dungeon.
             The game lasted 00:20:42 (6154 turns).

wazuzu the Changer (Pale Draconian Transmuter)      Turns: 6154, Time: 00:20:42

Health: -3/59      AC:  2    Str: 15    XL:     8   Next: 20%
Magic:  10/13      EV: 18    Int: 13    God:    Okawaru [**....]
Gold:   352        SH:  0    Dex: 20    Spells: 7/14 levels left

rFire    . . .     SeeInvis .     - Unarmed
rCold    . . .     Gourm    .   (shield currently unavailable)
rNeg     . . .     Faith    .   (armour unavailable)
rPois    x         Spirit   .   (helmet currently unavailable)
rElec    .         Reflect  .   (cloak currently unavailable)
rCorr    .         Harm     .   (gloves currently unavailable)
MR       .....                  (boots currently unavailable)
Stlth    ++........             (no amulet)
HPRegen  0.19/turn              k - +3 ring of dexterity
MPRegen  0.13/turn              (no ring)

@: spider-form (expiring), drained
A: tiny, (breathe steam), unfitting armour, AC +6
a: End Transformation, Heroism, Renounce Religion


You were on level 6 of the Dungeon.
You worshipped Okawaru.
Okawaru was pleased with you.
You were not hungry.
You were a venomous arachnid creature.
You visited 1 branch of the dungeon, and saw 6 of its levels.
You also visited: Sewer.

You collected 352 gold pieces.

Inventory:

Missiles
 a - 64 arrows
Armour
 t - a +0 pair of boots (melded)
Jewellery
 j - an uncursed ring of flight
 k - a +3 ring of dexterity (left front leg)
Wands
 u - a wand of polymorph (13)
Scrolls
 d - a scroll of enchant weapon
 h - a scroll of blinking
 i - 4 scrolls of teleportation
 l - 4 scrolls of identify
 o - 3 scrolls of remove curse
 p - a scroll of amnesia
 q - 2 scrolls of enchant armour
Potions
 e - a potion of curing
 f - a potion of invisibility
 g - 4 potions of flight
 m - 2 potions of might {unknown}
 n - a potion of brilliance
 r - 3 potions of mutation
Books
 b - a book of Changes

   Spells                             Type                      Level
   a - Beastly Appendage              Transmutation                1
   b - Sticks to Snakes               Transmutation                2
   c - Spider Form                    Transmutation/Poison         3
   d - Ice Form                       Ice/Transmutation            4
   e - Blade Hands                    Transmutation                5
Comestibles
 c - 7 rations


   Skills:
 - Level 1.1(0.2) Fighting
 - Level 1.7(0.8) Dodging
 - Level 6.0(4.9) Unarmed Combat
 + Level 3.6(2.6) Spellcasting
 - Level 6.1(5.1) Transmutations
 * Level 4.5(3.5) Poison Magic


You had 7 spell levels left.
You knew the following spells:

 Your Spells              Type           Power        Failure   Level  Hunger
a - Spider Form           Tmut/Pois      ##........   28%         3    ###....
b - Sticks to Snakes      Tmut           ###.....     13%         2    ###....
d - Blink                 Tloc           N/A          58%         2    ###....


Dungeon Overview and Level Annotations

Branches:
Dungeon (6/15)             Temple (0/1) D:4

Altars:
Dithmenos
Makhleb
Okawaru
Vehumet
Yredelemnul
The Shining One
Beogh

Annotations:
D:3 MTVSty1e's ghost, amateur DrGl


Innate Abilities, Weirdness & Mutations

((You can breathe blasts of scalding, opaque steam.))
((Your pale cyan-grey scales are hard. (AC +6)))
You cannot fit into any form of body armour.
((You are cold-blooded and may be slowed by cold attacks.))


Message History

The wight hits you with an enchanted battleaxe.
* * * LOW HITPOINT WARNING * * *
The wight hits you from afar with an enchanted halberd!
* * * LOW HITPOINT WARNING * * *
You feel drained.
* * * LOW HITPOINT WARNING * * *
The wight closely misses you. The wight misses you.
Your transformation is almost over.
Blink to where?
Press: ? - help, Dir - move target cursor, f - you
Okay, then.
You open the door.
A worker ant comes into view.
Found a scroll of amnesia and a wand of polymorph (22).
The worker ant twitches its antennae in your direction.
Found a brass wand.
There is an open door here.
The worker ant bites you!
You die...

#####
#####..?################
......a.z..z.z..........
####..s#############...
./..../..[..... #...
############### #......
#...... #...... #....$.
........ #?....## #.....


You could see a worker ant and 3 wights.

Vanquished Creatures
  Sigmund (D:3)
  Menkaure (D:5)
  An ogre (D:6)
  2 centaurs (D:5)
  2 wights (D:6)
  A scorpion (D:5)
  A crimson imp (D:5)
  A bullfrog zombie (D:5)
  2 orc priests
  A hound (D:5)
  An orc wizard (D:3)
  2 worker ants
  4 gnolls
  11 adders
  A shadow imp (D:5)
  4 oozes (Sewer)
  6 worms
  A dart slug (D:1)
  4 leopard geckos
  13 orcs
  4 ball pythons
  9 bats
  8 giant cockroaches
  9 goblins
  5 hobgoblins
  16 jackals
  3 kobolds
  2 quokkas
  2 frilled lizards
  5 rats
123 creatures vanquished.

Notes
Turn   | Place    | Note
-------+----------+-------------------------------------------
     0 | D:1      | wazuzu the Draconian Transmuter began the quest for the Orb.
     0 | D:1      | Reached XP level 1. HP: 16/16 MP: 3/3
   129 | D:1      | Reached XP level 2. HP: 19/23 MP: 3/5
   552 | D:2      | Reached XP level 3. HP: 15/28 MP: 4/6
   908 | D:2      | Found a basalt altar of Yredelemnul.
   942 | D:2      | Reached XP level 4. HP: 10/35 MP: 5/7
  1136 | D:2      | Reached skill level 5 in Unarmed Combat
  1295 | D:2      | Found a radiant altar of Vehumet.
  1408 | D:2      | Found a burning altar of Makhleb.
  1412 | D:2      | Found a shadowy altar of Dithmenos.
  1417 | D:2      | Found an iron altar of Okawaru.
  1425 | D:2      | Became a worshipper of Warmaster Okawaru
  1480 | D:2      | Found a glowing golden altar of the Shining One.
  1648 | D:3      | Found a glowing drain.
  1665 | D:3      | Reached XP level 5. HP: 39/40 MP: 5/8
  1682 | Sewer    | Entered a sewer
  2594 | D:3      | Noticed MTVSty1e's ghost (amateur DrGl)
  2860 | D:3      | Learned a level 2 spell: Sticks to Snakes
  3237 | D:3      | Reached XP level 6. HP: 39/47 MP: 9/9
  3660 | D:3      | Noticed Sigmund
  3673 | D:3      | Killed Sigmund
  3673 | D:3      | Reached * piety under Okawaru
  3673 | D:3      | Reached skill level 5 in Transmutations
  4016 | D:3      | Found a roughly hewn altar of Beogh.
  4565 | D:4      | Your scales start taking on a pale cyan-grey colour.
  4565 | D:4      | Reached XP level 7. HP: 52/52 MP: 6/10
  4633 | D:4      | Found a staircase to the Ecumenical Temple.
  4854 | D:5      | Entered Level 5 of the Dungeon
  4935 | D:5      | Learned a level 3 spell: Spider Form
  4964 | D:5      | Learned a level 2 spell: Blink
  5144 | D:5      | Reached skill level 1 in Poison Magic
  5309 | D:5      | Reached ** piety under Okawaru
  5432 | D:5      | Noticed Menkaure
  5444 | D:5      | Killed Menkaure
  5444 | D:5      | Reached XP level 8. HP: 7/59 MP: 7/12
  6138 | D:6      | HP: 2/59 [wight/enchanted halberd (1)]
  6154 | D:6      | Slain by a worker ant

Skill      XL: |  1  2  3  4  5  6  7  8 |
---------------+-------------------------+-----
Unarmed Combat | 4 5 6 |  6.0
Transmutations | 3 5 6 |  6.1
Poison Magic   | 3 4 |  4.5
Spellcasting   | 3 |  3.6
Fighting       | |  1.1
Dodging        | |  1.7

Action                   |  1- 3 |  4- 6 |  7- 9 || total
-------------------------+-------+-------+-------++-------
Melee: Unarmed           |    85 |   263 |    86 ||   434
       Kick              |     4 |     8 |       ||    12
       Tailslap          |     8 |    20 |    13 ||    41
       Headbutt          |     1 |    27 |     3 ||    31
       Punch             |       |     2 |     1 ||     3
 Cast: Beastly Appendage |     8 |    31 |     3 ||    42
       Sticks to Snakes  |       |     5 |       ||     5
       Spider Form       |       |       |     4 ||     4
Invok: Heroism           |       |     2 |       ||     2
 Abil: Breathe Steam     |       |       |     3 ||     3
  Use: Scroll            |       |    14 |     1 ||    15
       Potion            |       |     7 |       ||     7
 Stab: Invisible         |       |     4 |       ||     4
       Sleeping          |       |       |     1 ||     1
  Eat: Chunk             |       |    14 |     3 ||    17
       Ration            |       |       |     1 ||     1
Armor: Skin              |    28 |    79 |    11 ||   118
Dodge: Dodged            |    50 |   217 |    52 ||   319
